PCL
SPOKANE INDIANS @ TACOMA CUBS
09/10/1982
 
TOP OF THE 1ST
Spokane Indians batting - Pitching for Tacoma Cubs : LHP Bob Sykes
Pitching: LHP Bob Sykes
Batting: RHB Craig Landis 0-0: Ball
1-0: Ball
2-0: Ball
3-0: Base on Balls
Batting: LHB Stu Pederson 0-0: Ball
1-0: Called Strike
1-1: Fly out, F7 (Flyball, 7D, EV 91.9 MPH)
Runner from 1st tags up, SAFE at 2nd
Batting: SHB Mark Gillaspie 0-0: Ball
1-0: Fly out, F7 (Flyball, 7S, EV 79.4 MPH)
Batting: RHB Matthew Tyner 0-0: Foul Ball, location: 2F
0-1: Called Strike
0-2: Ball
1-2: Foul Ball, location: 2F
1-2: Strikes out swinging
Top of the 1st over - 0 runs, 0 hits, 0 errors, 1 left on base; Spokane 0 - Tacoma 0
BOTTOM OF THE 1ST
Tacoma Cubs batting - Pitching for Spokane Indians : LHP Joe Hesketh
Pitching: LHP Joe Hesketh
Batting: RHB Tim Glass 0-0: Ball
1-0: Ball
2-0: Ball
3-0: Called Strike
3-1: Base on Balls
Batting: RHB Glenn Hubbard 0-0: Called Strike
0-1: Ball
1-1: Called Strike
1-2: Fly out, F8 (Flyball, 8RD, EV 101.9 MPH)
Batting: LHB Broderick Perkins 0-0: Called Strike
0-1: Ball
1-1: Ball
2-1: SINGLE (Line Drive, 7S, EV 103.8 MPH)
Tim Glass to second
Batting: LHB Dan Pasqua 0-0: Ball
1-0: Ball
2-0: Called Strike
2-1: Foul Ball, location: 2F
2-2: Foul Ball, location: 2F
2-2: Ball
3-2: Fly out, F7 (Line Drive, 7, EV 88.8 MPH)
Batting: RHB Billy Cree 0-0: Ball
1-0: Ground out 3-1 (Groundball, 34, EV 99.4 MPH)
Bottom of the 1st over - 0 runs, 1 hit, 0 errors, 2 left on base; Spokane 0 - Tacoma 0
TOP OF THE 2ND
Spokane Indians batting - Pitching for Tacoma Cubs : LHP Bob Sykes
Batting: RHB Jeffrey Ronk 0-0: Called Strike
0-1: Ball
1-1: Swinging Strike
1-2: SINGLE (Line Drive, 89S, EV 99.4 MPH)
Batting: RHB Reggie Whittemore 0-0: TRIPLE (Flyball, 9D, EV 91.9 MPH)
Jeffrey Ronk scores
Batting: RHB John Hanley 0-0: Called Strike
0-1: Ball
1-1: Foul Ball, location: 2F
1-2: Fly out, F3 (Popup, 3SF, EV 77.5 MPH)
Batting: RHB George Foussianes 0-0: Swinging Strike
0-1: Foul Ball, location: 2F
0-2: DOUBLE (Line Drive, 9LM, EV 97.5 MPH)
Reggie Whittemore scores
Batting: RHB Kevin Harvey 0-0: Called Strike
0-1: Ball
1-1: Ball
2-1: Ground out 5-3 (Groundball, 56, EV 86.9 MPH)
Batting: RHB Craig Landis 0-0: Ball
1-0: Ball
2-0: Fly out, F7 (Flyball, 7S, EV 89.4 MPH)
Top of the 2nd over - 2 runs, 3 hits, 0 errors, 1 left on base; Spokane 2 - Tacoma 0
BOTTOM OF THE 2ND
Tacoma Cubs batting - Pitching for Spokane Indians : LHP Joe Hesketh
Batting: RHB Lonnie Smith 0-0: Foul Ball, location: 2F
0-1: Swinging Strike
0-2: Ball
1-2: Ball
2-2: Fly out, F3 (Popup, 34S, EV 79.4 MPH)
Batting: LHB John Elway 0-0: Called Strike
0-1: Ball
1-1: SOLO HOME RUN (Flyball, 9D, EV 92.5 MPH), Distance : 355 ft
Batting: RHB Amos Lewis 0-0: Called Strike
0-1: Ball
1-1: Ball
2-1: SINGLE (Popup, 5D, EV 71.9 MPH)
Batting: RHB Jim Rice 0-0: Ground out 6-3 (Groundball, 6MS, EV 65.6 MPH)
Amos Lewis to second
Batting: RHB Tim Glass 0-0: Called Strike
0-1: Foul Ball, location: 2F
0-2: Ball
1-2: Fly out, F8 (Line Drive, 8RD, EV 86.3 MPH)
Bottom of the 2nd over - 1 run, 2 hits, 0 errors, 1 left on base; Spokane 2 - Tacoma 1
TOP OF THE 3RD
Spokane Indians batting - Pitching for Tacoma Cubs : LHP Bob Sykes
Batting: LHB Stu Pederson 0-0: Ball
1-0: Ball
2-0: Ground out 5-3 (Groundball, 5L, EV 86.9 MPH)
Batting: SHB Mark Gillaspie 0-0: Ball
1-0: Swinging Strike
1-1: Foul Ball, location: 2F
1-2: Foul Ball, location: 2F
1-2: Foul Ball, location: 2F
1-2: SINGLE (Groundball, 6MD, EV 103.8 MPH)
Batting: RHB Matthew Tyner 0-0: Ball
1-0: Foul Ball, location: 2F
1-1: DOUBLE (Groundball, 5L, EV 105.6 MPH)
Mark Gillaspie to third
Runner from 3rd tries for Home, SAFE, no throw by LF
Batting: RHB Jeffrey Ronk 0-0: Called Strike
0-1: Fly out, F8 (Flyball, 8RM, EV 90.0 MPH)
Batting: RHB Reggie Whittemore 0-0: Called Strike
0-1: Ball
1-1: Called Strike
1-2: Strikes out swinging
Top of the 3rd over - 1 run, 2 hits, 0 errors, 1 left on base; Spokane 3 - Tacoma 1
BOTTOM OF THE 3RD
Tacoma Cubs batting - Pitching for Spokane Indians : LHP Joe Hesketh
Batting: RHB Glenn Hubbard 0-0: Foul Ball, location: 2F
0-1: Ball
1-1: Ground out 3-1 (Groundball, 34, EV 107.5 MPH)
Batting: LHB Broderick Perkins 0-0: Ball
1-0: Swinging Strike
1-1: Foul Ball, location: 2F
1-2: Ground out 6-3 (Groundball, 6, EV 86.3 MPH)
Batting: LHB Dan Pasqua 0-0: Ball
1-0: Called Strike
1-1: Ball
2-1: Ball
3-1: Base on Balls
Batting: RHB Billy Cree 0-0: Ball
1-0: Fly out, F8 (Line Drive, 8RD, EV 83.8 MPH)
Bottom of the 3rd over - 0 runs, 0 hits, 0 errors, 1 left on base; Spokane 3 - Tacoma 1
TOP OF THE 4TH
Spokane Indians batting - Pitching for Tacoma Cubs : LHP Bob Sykes
Batting: RHB John Hanley 0-0: Called Strike
0-1: Foul Ball, location: 2F
0-2: Foul Ball, location: 2F
0-2: Strikes out swinging
Batting: RHB George Foussianes 0-0: Ball
1-0: Ball
2-0: Called Strike
2-1: Foul Ball, location: 2F
2-2: Ball
3-2: Ground out 4-3 (Groundball, 13, EV 86.9 MPH)
Batting: RHB Kevin Harvey 0-0: Called Strike
0-1: Ground out 5-3 (Groundball, 56, EV 88.1 MPH)
Top of the 4th over - 0 runs, 0 hits, 0 errors, 0 left on base; Spokane 3 - Tacoma 1
BOTTOM OF THE 4TH
Tacoma Cubs batting - Pitching for Spokane Indians : LHP Joe Hesketh
Batting: RHB Lonnie Smith 0-0: Ball
1-0: DOUBLE (Line Drive, 8LXD, EV 106.9 MPH)
Batting: LHB John Elway 0-0: Called Strike
0-1: Ball
1-1: Called Strike
1-2: Strikes out swinging
Batting: RHB Amos Lewis 0-0: Called Strike
Lonnie Smith steals 3rd base
0-1: Ball
1-1: Ball
2-1: Foul Ball, location: 2F
2-2: SINGLE (Groundball, 56D, EV 105.6 MPH)
Lonnie Smith scores
Batting: RHB Jim Rice 0-0: Ball
1-0: Ball
2-0: Called Strike
2-1: Called Strike
2-2: Grounds into double play, 5-4-3 (Groundball, 5, EV 102.5 MPH)
Bottom of the 4th over - 1 run, 2 hits, 0 errors, 0 left on base; Spokane 3 - Tacoma 2
TOP OF THE 5TH
Spokane Indians batting - Pitching for Tacoma Cubs : LHP Bob Sykes
Batting: RHB Craig Landis 0-0: Ball
1-0: Ball
2-0: Called Strike
2-1: Ball
3-1: Foul Ball, location: 2F
3-2: Fly out, F8 (Line Drive, 8LD, EV 110.0 MPH)
Batting: LHB Stu Pederson 0-0: Ball
1-0: Ground out 4-3 (Groundball, 4MS, EV 63.1 MPH)
Batting: SHB Mark Gillaspie 0-0: Foul Ball, location: 2F
0-1: Ground out 6-3 (Groundball, 6, EV 86.3 MPH)
Top of the 5th over - 0 runs, 0 hits, 0 errors, 0 left on base; Spokane 3 - Tacoma 2
BOTTOM OF THE 5TH
Tacoma Cubs batting - Pitching for Spokane Indians : LHP Joe Hesketh
Batting: RHB Tim Glass 0-0: Ball
1-0: Fly out, F9 (Flyball, 9LM, EV 85.0 MPH)
Batting: RHB Glenn Hubbard 0-0: Called Strike
0-1: Foul Ball, location: 2F
0-2: Strikes out swinging
Batting: LHB Broderick Perkins 0-0: Ball
1-0: Ball
2-0: Ball
3-0: Called Strike
3-1: Fly out, F7 (Flyball, 7S, EV 79.4 MPH)
Bottom of the 5th over - 0 runs, 0 hits, 0 errors, 0 left on base; Spokane 3 - Tacoma 2
TOP OF THE 6TH
Spokane Indians batting - Pitching for Tacoma Cubs : LHP Bob Sykes
Batting: RHB Matthew Tyner 0-0: Called Strike
0-1: Foul Ball, location: 2F
0-2: Ball
1-2: Strikes out swinging
Batting: RHB Jeffrey Ronk 0-0: Swinging Strike
0-1: Ball
1-1: Ball
2-1: Ground out 5-3 (Groundball, 56S, EV 63.1 MPH)
Batting: RHB Reggie Whittemore 0-0: Ball
1-0: Called Strike
1-1: Ground out 6-3 (Groundball, 6, EV 106.3 MPH)
Top of the 6th over - 0 runs, 0 hits, 0 errors, 0 left on base; Spokane 3 - Tacoma 2
BOTTOM OF THE 6TH
Tacoma Cubs batting - Pitching for Spokane Indians : LHP Joe Hesketh
Batting: LHB Dan Pasqua 0-0: Foul Ball, location: 2F
0-1: Ball
1-1: Ball
2-1: Ball
3-1: Swinging Strike
3-2: Ground out 4-3 (Groundball, 4S, EV 87.5 MPH)
Batting: RHB Billy Cree 0-0: Ball
1-0: Swinging Strike
1-1: Ball
2-1: Foul Ball, location: 2F
2-2: Foul Ball, location: 2F
2-2: Ground out 5-3 (Groundball, 56, EV 79.4 MPH)
Batting: RHB Lonnie Smith 0-0: Called Strike
0-1: Swinging Strike
0-2: Ground out 5-3 (Groundball, 56, EV 85.6 MPH)
Bottom of the 6th over - 0 runs, 0 hits, 0 errors, 0 left on base; Spokane 3 - Tacoma 2
TOP OF THE 7TH
Spokane Indians batting - Pitching for Tacoma Cubs : LHP Bob Sykes
Batting: RHB John Hanley 0-0: Ball
1-0: Ball
2-0: Called Strike
2-1: Called Strike
2-2: Ball
3-2: Base on Balls
Batting: RHB George Foussianes 0-0: Ball
1-0: Swinging Strike
1-1: Ball
2-1: Swinging Strike
2-2: Ball
3-2: Foul Ball, location: 2F
3-2: Strikes out swinging
John Hanley is caught stealing 2nd base 2-4
Batter strikes out.
Batting: RHB Kevin Harvey 0-0: Called Strike
0-1: Foul Ball, location: 2F
0-2: Foul Ball, location: 2F
0-2: Foul Ball, location: 2F
0-2: Ball
1-2: Ground out 5-3 (Groundball, 56S, EV 81.9 MPH)
Top of the 7th over - 0 runs, 0 hits, 0 errors, 0 left on base; Spokane 3 - Tacoma 2
BOTTOM OF THE 7TH
Tacoma Cubs batting - Pitching for Spokane Indians : LHP Joe Hesketh
Batting: LHB John Elway 0-0: Foul Ball, location: 2F
0-1: Ball
1-1: Ground out 1-3 (Groundball, 13, EV 68.8 MPH)
Batting: RHB Amos Lewis 0-0: Called Strike
0-1: Ball
1-1: Called Strike
1-2: Strikes out looking
Batting: RHB Jim Rice 0-0: Called Strike
0-1: Called Strike
0-2: Reached on error, E3 (Groundball, 34S, EV 83.1 MPH)
Batting: RHB Tim Glass 0-0: Ball
1-0: Called Strike
1-1: Swinging Strike
1-2: Fly out, F7 (Flyball, 7, EV 79.4 MPH)
Bottom of the 7th over - 0 runs, 0 hits, 1 error, 1 left on base; Spokane 3 - Tacoma 2
TOP OF THE 8TH
Spokane Indians batting - Pitching for Tacoma Cubs : LHP Bob Sykes
Batting: RHB Craig Landis 0-0: Ball
1-0: Fly out, F9 (Flyball, 89M, EV 79.4 MPH)
Batting: LHB Stu Pederson 0-0: Ball
1-0: Called Strike
1-1: Ball
2-1: Ball
3-1: SINGLE (Groundball, 6MD, EV 103.8 MPH)
Batting: SHB Mark Gillaspie 0-0: Called Strike
0-1: Ball
1-1: Foul Ball, location: 2F
1-2: Ball
2-2: Strikes out swinging
Batting: RHB Matthew Tyner 0-0: Ball
1-0: Ball
2-0: Foul Ball, location: 2F
2-1: 2-RUN HOME RUN (Flyball, 9LD, EV 95.6 MPH), Distance : 351 ft
Batting: RHB Jeffrey Ronk 0-0: Ball
1-0: Ball
2-0: Called Strike
2-1: Fly out, F4 (Popup, 34S, EV 83.8 MPH)
Top of the 8th over - 2 runs, 2 hits, 0 errors, 0 left on base; Spokane 5 - Tacoma 2
BOTTOM OF THE 8TH
Tacoma Cubs batting - Pitching for Spokane Indians : LHP Joe Hesketh
Batting: RHB Glenn Hubbard 0-0: Called Strike
0-1: Ball
1-1: Fly out, F8 (Flyball, 8RM, EV 92.5 MPH)
Batting: LHB Broderick Perkins 0-0: Ball
1-0: Swinging Strike
1-1: Fly out, F9 (Flyball, 9LM, EV 106.3 MPH)
Batting: LHB Dan Pasqua 0-0: Ball
1-0: Foul Ball, location: 2F
1-1: Ground out 6-3 (Groundball, 6, EV 98.8 MPH)
Bottom of the 8th over - 0 runs, 0 hits, 0 errors, 0 left on base; Spokane 5 - Tacoma 2
TOP OF THE 9TH
Spokane Indians batting - Pitching for Tacoma Cubs : LHP Bob Sykes
Pitching: RHP Paul Hartzell
Batting: RHB Reggie Whittemore 0-0: Called Strike
0-1: Ball
1-1: Ball
2-1: Fly out, F8 (Flyball, 8LD, EV 92.5 MPH)
Batting: RHB John Hanley 0-0: Foul Ball, location: 2F
0-1: Called Strike
0-2: Ball
1-2: Foul Ball, location: 2F
1-2: SINGLE (Groundball, 6MD, EV 95.0 MPH)
Batting: RHB George Foussianes 0-0: Ball
1-0: Ball
2-0: Foul Ball, location: 2F
2-1: Swinging Strike
2-2: Foul Ball, location: 2F
2-2: Strikes out swinging
Batting: RHB Kevin Harvey 0-0: Called Strike
0-1: Foul Ball, location: 2F
0-2: Ball
1-2: Ball
2-2: Foul Ball, location: 2F
2-2: Fielders Choice at 2nd, 5-4 (Groundball, 56, EV 88.8 MPH)
Top of the 9th over - 0 runs, 1 hit, 0 errors, 1 left on base; Spokane 5 - Tacoma 2
BOTTOM OF THE 9TH
Tacoma Cubs batting - Pitching for Spokane Indians : LHP Joe Hesketh
Now at 3B: Ty Waller
Now in RF: John Elder
Batting: RHB Billy Cree 0-0: Ball
1-0: DOUBLE (Groundball, 5L, EV 105.6 MPH)
Batting: RHB Lonnie Smith 0-0: Foul Ball, location: 2F
0-1: Fly out, F4 (Flyball, 4MD, EV 78.8 MPH)
Batting: LHB John Elway 0-0: Swinging Strike
0-1: Ball
1-1: Ball
2-1: 2-RUN HOME RUN (Flyball, 7LD, EV 101.9 MPH), Distance : 358 ft
Pitching: LHP Michael Nored
Batting: RHB Amos Lewis 0-0: Called Strike
0-1: Swinging Strike
0-2: SOLO HOME RUN (Flyball, 7D, EV 98.8 MPH), Distance : 389 ft
Batting: RHB Jim Rice 0-0: Ball
1-0: Foul Ball, location: 2F
1-1: Ball
2-1: Foul Ball, location: 2F
2-2: Ball
3-2: Foul Ball, location: 2F
3-2: Foul Ball, location: 2F
3-2: Fly out, F8 (Flyball, 8LXD, EV 91.3 MPH)
Batting: RHB Tim Glass 0-0: Ball
1-0: Ball
2-0: Ball
3-0: Base on Balls
Batting: RHB Glenn Hubbard 0-0: Fly out, F9 (Line Drive, 9, EV 85.0 MPH)
Bottom of the 9th over - 3 runs, 3 hits, 0 errors, 1 left on base; Spokane 5 - Tacoma 5
TOP OF THE 10TH
Spokane Indians batting - Pitching for Tacoma Cubs : RHP Paul Hartzell
Pitching: RHP Paul Thormodsgard
Pinch Hitting: LHB Dave Stockstill 0-0: Called Strike
0-1: Ball
1-1: Foul Ball, location: 2F
1-2: Ball
2-2: Ball
3-2: Ground out U3 (Groundball, 34S, EV 66.3 MPH)
Batting: LHB Stu Pederson 0-0: Reached on error, E6 (Groundball, 6, EV 108.1 MPH)
Pinch Hitting: LHB Joseph Lentsch 0-0: Intentional Walk
Batting: LHB John Elder 0-0: Swinging Strike
0-1: Swinging Strike
0-2: Strikes out swinging
Batting: RHB Jeffrey Ronk 0-0: Ball
1-0: Ball
2-0: Foul Ball, location: 2F
2-1: Swinging Strike
2-2: Fielders Choice at 2nd, 5-4 (Groundball, 5, EV 91.9 MPH)
Top of the 10th over - 0 runs, 0 hits, 1 error, 2 left on base; Spokane 5 - Tacoma 5
BOTTOM OF THE 10TH
Tacoma Cubs batting - Pitching for Spokane Indians : LHP Michael Nored
Now at 1B: Joseph Lentsch
Now in RF: Dave Stockstill
Batting: LHB Broderick Perkins 0-0: Called Strike
0-1: Ground out 6-3 (Groundball, 6, EV 77.5 MPH)
Batting: LHB Dan Pasqua 0-0: Ball
1-0: Ball
2-0: Ball
3-0: Base on Balls
Batting: RHB Billy Cree 0-0: Ball
1-0: Ball
2-0: Reached on error, E5 (Groundball, 56S, EV 90.6 MPH)
Dan Pasqua to second
Batting: RHB Lonnie Smith 0-0: Fly out, F7 (Flyball, 7D, EV 101.9 MPH)
Runner from 2nd tags up, SAFE at 3rd, no throw by LF
Batting: LHB John Elway 0-0: Called Strike
0-1: Ball
1-1: Ball
2-1: Called Strike
2-2: Ball
3-2: Base on Balls
Billy Cree to second
Batting: RHB Amos Lewis 0-0: Ball
1-0: Foul Ball, location: 2F
1-1: Ball
2-1: Foul Ball, location: 2F
2-2: Fly out, F8 (Flyball, 8RM, EV 83.1 MPH)
Bottom of the 10th over - 0 runs, 0 hits, 1 error, 3 left on base; Spokane 5 - Tacoma 5
TOP OF THE 11TH
Spokane Indians batting - Pitching for Tacoma Cubs : RHP Paul Thormodsgard
Batting: RHB Reggie Whittemore 0-0: Ball
1-0: Ball
2-0: Called Strike
2-1: Ground out 6-3 (Groundball, 56, EV 111.9 MPH)
Batting: RHB John Hanley 0-0: Called Strike
0-1: Foul Ball, location: 2F
0-2: Strikes out swinging
Batting: RHB George Foussianes 0-0: Ball
1-0: Ball
2-0: Called Strike
2-1: Foul Ball, location: 2F
2-2: Ball
3-2: Base on Balls
Pinch Hitting: RHB Larry Fobbs 0-0: Ball
1-0: Ball
2-0: Ball
3-0: Foul Ball, location: 2F
3-1: Base on Balls
George Foussianes to second
Batting: LHB Dave Stockstill 0-0: Foul Ball, location: 2F
0-1: Ball
1-1: Fielders Choice at 2nd, 5-4 (Groundball, 56, EV 98.1 MPH)
Top of the 11th over - 0 runs, 0 hits, 0 errors, 2 left on base; Spokane 5 - Tacoma 5
BOTTOM OF THE 11TH
Tacoma Cubs batting - Pitching for Spokane Indians : LHP Michael Nored
Now at SS: Albert Rausch
Batting: RHB Jim Rice 0-0: Foul Ball, location: 2F
0-1: Ball
1-1: Ball
2-1: Ball
3-1: Called Strike
3-2: Base on Balls
Batting: RHB Tim Glass 0-0: Called Strike
0-1: Swinging Strike
0-2: Ball
1-2: Ball
2-2: Foul Ball, location: 2F
2-2: Ball
3-2: SINGLE (Groundball, 56, EV 97.5 MPH)
Jim Rice to second
Batting: RHB Glenn Hubbard 0-0: Swinging Strike
0-1: Ball
1-1: Fly out, F3 (Popup, 23F, EV 75.0 MPH)
Batting: LHB Broderick Perkins 0-0: Swinging Strike
0-1: Called Strike
0-2: Foul Ball, location: 2F
0-2: Foul Ball, location: 2F
0-2: Ball
1-2: Foul Ball, location: 2F
1-2: Strikes out swinging
Batting: LHB Dan Pasqua 0-0: Ball
1-0: Ball
2-0: SINGLE (Groundball, 5S, EV 73.1 MPH) (infield hit)
Jim Rice to third
Tim Glass to second
Batting: RHB Billy Cree 0-0: Foul Ball, location: 2F
0-1: Foul Ball, location: 2F
0-2: Strikes out swinging
Bottom of the 11th over - 0 runs, 2 hits, 0 errors, 3 left on base; Spokane 5 - Tacoma 5
TOP OF THE 12TH
Spokane Indians batting - Pitching for Tacoma Cubs : RHP Paul Thormodsgard
Batting: LHB Stu Pederson 0-0: Called Strike
0-1: Swinging Strike
0-2: Strikes out swinging
Batting: LHB Joseph Lentsch 0-0: Called Strike
0-1: Called Strike
0-2: Strikes out swinging
Batting: LHB John Elder 0-0: DOUBLE (Line Drive, 78D, EV 113.8 MPH)
Batting: RHB Jeffrey Ronk 0-0: Ball
1-0: Fly out, F7 (Flyball, 7, EV 78.8 MPH)
Top of the 12th over - 0 runs, 1 hit, 0 errors, 1 left on base; Spokane 5 - Tacoma 5
BOTTOM OF THE 12TH
Tacoma Cubs batting - Pitching for Spokane Indians : LHP Michael Nored
Pitching: RHP James Quinn
Batting: RHB Lonnie Smith 0-0: Called Strike
0-1: Ball
1-1: Fly out, F4 (Flyball, 4D, EV 92.5 MPH)
Batting: LHB John Elway 0-0: Ball
1-0: Swinging Strike
1-1: Ball
2-1: Swinging Strike
2-2: Ball
3-2: Base on Balls
Pinch Hitting: LHB John D Morris 0-0: Ball
1-0: Ball
Wild Pitch!
John Elway to second
2-0: Ball
3-0: Base on Balls
Batting: RHB Jim Rice 0-0: Fly out, F7 (Flyball, 7, EV 93.8 MPH)
Pinch Hitting: LHB Jim Tracy 0-0: Called Strike
0-1: Ball
1-1: Ball
2-1: Ball
Wild Pitch!
John Elway to third
John D Morris to second
3-1: Intentional Walk
Batting: RHB Glenn Hubbard 0-0: SINGLE (Flyball, 56D, EV 89.4 MPH)
John Elway scores
Bottom of the 12th over - 1 run, 1 hit, 0 errors, 0 left on base; Spokane 5 - Tacoma 6
Friday, August 28th, 2020 - OOTP Baseball 21.5 Build 76